cohdb
Replays
Latest Replays
All Replays
Popular Replays
Top Player Replays
Match Explorer
How It Works
Community
CoH3 Stats
Reddit
Sign in to upload your games and track your stats! →
Sign in with Steam
Match 40720372
Unlisted
Match 40720372
Overview
Messages
Build Orders
End
Kettenkrad Recon Vehicle
Construct Infanterie Kompanie
Selects Terror Battlegroup
Grenadier Squad
Selects Machine Gun Camouflage
MG 42 Machine Gun Team
Grenadier Squad
Construct Panzergrenadier Kompanie
251 Medium Carrier
Panzergrenadier Squad
Medical Station
Pak 40 Anti-tank Gun Team
Panzergrenadier Squad
Construct Panzer Kompanie
Selects Defend the Fatherland
Stoßtruppen Squad
Panzer IV Medium Tank
Stoßtruppen Squad
Selects King Tiger Heavy Tank
King Tiger Heavy Tank
Selects Contempt for the Weak
Pioneer Squad
Selects Propaganda Leaflet Drop
Propaganda Leaflet Drop
Panzer IV Medium Tank
Propaganda Leaflet Drop
Propaganda Leaflet Drop
Selects V1 Rocket Strike
V1 Rocket Strike
BigTiddyLebron
kreumat
derank c[o]mpany
Axelwine
0
0
Comments
sign in to comment!
No comments posted yet!